 Dungeon Crawl Stone Soup version 0.23.2-1-ga50397a (webtiles) character file.

Game seed: 11441131968969861983

58 kae the Changer (level 3, 0/26 HPs)
             Began as a Demonspawn Transmuter on Apr 14, 2019.
             Slain by Sigmund
             ... wielding a +1 scythe of slicing
              (13 damage)
             ... on level 3 of the Dungeon.
             The game lasted 00:02:02 (2215 turns).

kae the Changer (Demonspawn Transmuter)             Turns: 2215, Time: 00:02:03

Health: 0/26       AC:  2    Str: 15    XL:     3   Next: 76%
Magic:  1/6        EV: 12    Int: 14    God:
Gold:   135        SH:  0    Dex: 14    Spells: 0/6 levels left

rFire    . . .     SeeInvis .     - Unarmed
rCold    . . .     Gourm    .   (no shield)
rNeg     . . .     Faith    .   b - +0 robe
rPois    .         Spirit   .   (helmet restricted)
rElec    .         Reflect  .   (no cloak)
rCorr    .         Harm     .   (no gloves)
MR       .....                  (no boots)
Stlth    ++........             (no amulet)
HPRegen  0.08/turn              l - ring of stealth
MPRegen  0.10/turn              (no ring)

@: confused, mighty, lethally poisoned (0 -> -4), very slightly contaminated
A: horns 1, demonic guardian 1
a: no special abilities


You were on level 3 of the Dungeon.
You were hungry.

You visited 1 branch of the dungeon, and saw 3 of its levels.

You collected 135 gold pieces.

Inventory:

Missiles
 a - 10 arrows
Armour
 b - a +0 robe (worn)
Jewellery
 l - a ring of stealth (left hand)
Scrolls
 f - 2 scrolls of remove curse
 g - a scroll of enchant weapon
 h - a scroll of amnesia
 n - a scroll of immolation {unknown}
Potions
 c - a potion of might
 e - a potion of ambrosia {unknown}
 i - a potion of cancellation {unknown}
 j - a potion of degeneration {unknown}
 k - 5 potions of curing {unknown}
 m - 2 potions of heal wounds {unknown}
Comestibles
 d - 3 rations


   Skills:
 - Level 1.0 Fighting
 - Level 1.7 Dodging
 - Level 2.6 Unarmed Combat
 - Level 2.0 Spellcasting
 + Level 3.8 Transmutations


You couldn't memorise any spells.
You knew the following spells:

 Your Spells              Type           Power        Failure   Level  Hunger
a - Beastly Appendage     Tmut           ##....       4%          1    ##.....
b - Sticks to Snakes      Tmut           ##......     8%          2    ###....
c - Spider Form           Tmut/Pois      #.........   32%         3    ####...

Your spell library contained the following spells:

 Spells                   Type           Power        Failure   Level  Hunger
 Ice Form                 Ice/Tmut       #.......     73%         4    #####..
 Blade Hands              Tmut           ##........   80%         5    ######.


Dungeon Overview and Level Annotations

Branches:
Dungeon (3/15)

Altars:
Ashenzari
Cheibriados
Dithmenos
Makhleb
Nemelex Xobeh
Qazlal
Sif Muna
Uskayaw
Vehumet
Xom
Zin

Annotations:
D:3 Sigmund


Innate Abilities, Weirdness & Mutations

You have a pair of small horns on your head.
A weak demonic guardian rushes to your aid.


Message History

You feel sick. The adder barely misses you.
You punch the adder!
You kill the adder!
You feel sick. Sigmund barely misses you.
You punch Sigmund!
Sigmund is heavily wounded.
Sigmund closely misses you.
You punch Sigmund!
Sigmund is almost dead.
You barely miss Sigmund.
Sigmund is almost dead.
You feel sick.
Sigmund points at you and mumbles some strange words.
You are confused.
Your quasit bites Sigmund but does no damage.
Your quasit claws Sigmund but does no damage. x2
You bump into the rock wall.
Sigmund hits you with a +1 scythe of slicing!
Ouch! That really hurt!
You die...

..####################.#.......
......#.#...(..#.# #.#.#@......
###...#.#...##.#.###'#)5...[...
..#...#.#...##.#.##...##.......
..#...#.#....#.#.(....# .......
..'...#.#....#.#.##...# .......
###...#.#....#.#.##...# #######
......#.#(...#.#.@5.[.#
'######.#....#.#@#....#
........#......#.#....#
........#...#..#.#.####
........#......#.#.#
#########...#..#.#.###
............##.#.....#
............##.#.....#
............##.#.....###
............##.........#


You could see Sigmund and a friendly quasit.

Vanquished Creatures
  2 adders (D:3)
  A worm (D:3)
  A dart slug (D:1)
  A leopard gecko (D:2)
  2 giant cockroaches
  3 goblins
  3 hobgoblins
  A quokka (D:2)
  A ball python (D:2)
  5 bats
  4 frilled lizards
  6 kobolds
  4 rats
34 creatures vanquished.

Vanquished Creatures (collateral kills)
  A hobgoblin (D:3)
1 creature vanquished.

Grand Total: 35 creatures vanquished

Notes
Turn   | Place    | Note
-------+----------+-------------------------------------------
     0 | D:1      | kae the Demonspawn Transmuter began the quest for the Orb.
     0 | D:1      | Reached XP level 1. HP: 15/15 MP: 3/3
   102 | D:1      | Reached skill level 2 in Transmutations
   550 | D:2      | Gained mutation: A weak demonic guardian rushes to your
                  | aid. [demonic ancestry]
   550 | D:2      | Reached XP level 2. HP: 11/21 MP: 5/5
   685 | D:2      | Learned a level 2 spell: Sticks to Snakes
   713 | D:2      | Found a radiant altar of Vehumet.
   743 | D:2      | Found a stormy altar of Qazlal.
   949 | D:2      | Found a hide-covered altar of Uskayaw.
   949 | D:2      | Noticed a +0 dagger
   949 | D:2      | Noticed a +0 dagger
  1008 | D:2      | Reached skill level 3 in Transmutations
  1098 | D:2      | Noticed Sigmund
  1250 | D:2      | Found a shadowy altar of Dithmenos.
  1252 | D:2      | Found a burning altar of Makhleb.
  1252 | D:2      | Found a glowing silver altar of Zin.
  1253 | D:2      | Found a deep blue altar of Sif Muna.
  1253 | D:2      | Found a snail-covered altar of Cheibriados.
  1253 | D:2      | Found a shimmering altar of Xom.
  1253 | D:2      | Found a shattered altar of Ashenzari.
  1519 | D:3      | Gained mutation: You have a pair of small horns on your
                  | head. [demonic ancestry]
  1519 | D:3      | Reached XP level 3. HP: 14/26 MP: 4/6
  1650 | D:3      | Learned a level 3 spell: Spider Form
  1715 | D:3      | Found a sparkling altar of Nemelex Xobeh.
  2215 | D:3      | Slain by Sigmund

Skill      XL: |  1  2 |
---------------+-------+-----
Transmutations | 2 3 |  3.8
Fighting       | |  1.0
Dodging        | |  1.7
Unarmed Combat | |  2.6
Spellcasting   | |  2.0

Action                   || total
-------------------------++-------
Melee: Unarmed           ||   120
       Headbutt          ||     8
       Kick              ||     7
       Punch             ||     1
 Cast: Beastly Appendage ||    15
       Sticks to Snakes  ||     2
  Use: Scroll            ||     5
       Potion            ||     1
 Stab: Sleeping          ||     3
  Eat: Chunk             ||     4
Armor: Robe              ||    22
Dodge: Dodged            ||   112
